 Dungeon Crawl Stone Soup version 0.14.0-12-g87ee3b7 (webtiles) character file.

12145 testatest the Grappler (level 11, -11/111 HPs)
             Began as a Troll Chaos Knight on Apr 17, 2014.
             Was a Plaything of Xom.
             Mangled by an orc warrior
             ... wielding a +0,+0 war axe
              (18 damage)
             ... on Level 3 of the Orcish Mines.
             The game lasted 01:18:50 (12912 turns).

testatest the Grappler (Troll Chaos Knight)        Turns: 12912, Time: 01:18:52

HP -11/111       AC 11     Str 20      XL: 11   Next: 43%
MP   4/4         EV 12     Int  8      God: Xom
Gold 1133        SH  0     Dex 14      Spells:  0 memorised, 10 levels left

rFire  . . .     SeeInvis +       - Unarmed
rCold  . . .     Clarity  .     D - +0 steam dragon armour
rNeg   + + .     Conserve .     (shield restricted)
rPois  .         rCorr    .     P - +0 hat {SInv}
rElec  .         rRot     .     q - +0 cloak (curse)
SustAb + .       Spirit   .     (gloves unavailable)
rMut   .         Warding  +     (boots unavailable)
Gourm  +         Stasis   .     s - amulet of warding
MR     .....                    d - ring of positive energy
                                T - ring of sustain abilities

@: not resistant to hostile enchantments, unstealthy
A: unfitting armour, claws 3, thin metallic scales 1, agile 1, blurry vision 3,
fast metabolism 3, gourmand, regeneration 2, saprovore 2, shaggy fur 1, tough
skin 2, weak 1
a: Renounce Religion


You were on level 3 of the Orcish Mines.
You worshipped Xom.
You were a favourite toy of Xom.
You were completely stuffed.

You visited 3 branches of the dungeon, and saw 15 of its levels.

You collected 1133 gold pieces.

Inventory:

Hand weapons
 u - a +2,+1 mace of protection
 Q - the +7,+6 flail of Clegagug {antimagic, +Fly rC+}
   (You found it on level 8 of the Dungeon)

   It disrupts the flow of magical energy around spellcasters and certain
   magical creatures (including the wielder).
   It protects you from cold.
   It lets you fly.
 W - a +4,+2 giant spiked club
Missiles
 c - 17 steel sling bullets
 f - 75 stones
 j - 27 sling bullets
 k - 52 darts (quivered)
 v - a throwing net
 w - 4 poisoned darts
 x - 15 sling bullets of flame
 C - 24 darts of frost
 I - 11 tomahawks
 N - 6 silver sling bullets
 U - 40 poisoned needles
Armour
 q - a cursed +0 cloak (worn)
 t - a +2 robe of magic resistance
 D - a +0 steam dragon armour (worn)
 P - a +0 hat of see invisible (worn)
Magical devices
 l - a wand of enslavement (20)
 n - a wand of paralysis (8)
 r - a wand of polymorph (11)
 y - a wand of disintegration (12)
 G - a wand of enslavement (10)
 K - a wand of digging (13)
Comestibles
 a - 12 meat rations
 g - 5 chokos
 m - 2 pears
 o - a snozzcumber
 p - 6 bread rations
 A - 12 chunks of orc flesh
 H - 5 chunks of orc flesh
 J - 4 chunks of orc flesh
 M - an apple
 S - a beef jerky
 Y - 2 bananas
Scrolls
 h - 2 scrolls of teleportation
 i - 5 scrolls of identify
 z - a scroll of remove curse
 L - a scroll of fog
 R - 4 scrolls of blinking
Jewellery
 d - a ring of positive energy (right claw)
 s - an amulet of warding (around neck)
 F - an uncursed ring of fire
 T - a ring of sustain abilities (left claw)
Potions
 e - 6 potions of curing
 B - a potion of resistance
 E - 2 potions of brilliance
 O - a potion of heal wounds
 Z - a potion of invisibility


   Skills:
 * Level 8.0 Fighting
 * Level 7.2 Maces & Flails
 + Level 5.8 Throwing
 + Level 3.5 Armour
 + Level 5.7 Dodging
 * Level 9.8 Unarmed Combat


You had 10 spell levels left.
You didn't know any spells.

Dungeon Overview and Level Annotations

Branches:
Dungeon (10/15)            Temple (1/1) D:5             Orc (4/4) D:10
    Elf (0/3) Orc:3          Lair (0/8) D:10

Altars:
Ashenzari
Cheibriados
Fedhas
Makhleb
Sif Muna
Vehumet
Xom
Zin
The Shining One

Shops:
Orc:1 (   Orc:2 (


Innate Abilities, Weirdness & Mutations

You are too large for most types of armour.
You have claws for hands.
Your metabolism is lightning-fast.
You like to eat raw meat.
You heal very quickly.
You can eat rotten meat.
You are covered in fur (AC +1).
You have very tough skin (AC +2).
You are partially covered in thin metallic scales (AC +2).
You are agile. (Dex +2)
Your vision is extremely blurry.
You are weak. (Str -2)


Message History

The orc warrior barely misses you.
You barely miss the orc warrior. The orc barely misses you.
The orc warrior hits you but does no damage.
You completely miss the orc warrior. The orc closely misses you.
The orc warrior hits you from afar with a glowing glaive!
* * * LOW HITPOINT WARNING * * *
The orc warrior hits you but does no damage.
Read which item? (? for menu, Esc to quit)
Okay, then.
Read which item? (? for menu, Esc to quit)
This scroll appears to be blank.
The orc warrior completely misses you. The orc barely misses you.
You claw the orc!
You kill the orc!
The orc warrior hits you from afar with a glowing glaive!
* * * LOW HITPOINT WARNING * * *
Xom thinks this is hilarious!
The orc warrior hits you with a war axe!
You die...
Xom giggles madly!

### ##### ######
#.###.#.####..o.#####
.........##...oo@##.###
.........#.....).[....##
...........##..####....#
..........##...# ###.##
........#.##..#########
........)###....##.##
...>.....##.........#
.........##.........#
........####.....≈≈.##
###


You could see 2 orc warriors and an orc.

Vanquished Creatures
  Gastronok (D:8)
  Pikel (D:7)
  Psyche (Orc:2)
  A feature mimic (D:9)
  3 trolls
  A hill giant zombie (D:10)
  3 yaks (D:9)
  2 steam dragons
  2 hippogriffs (D:8)
  A warg (Orc:2)
  A deep elf fighter (D:9)
  12 orc warriors
  A black bear (D:6)
  3 ice beasts
  2 sky beasts
  11 ogres
  3 phantoms (D:10)
  4 giant goldfish
  A big kobold (D:8)
  4 centaurs
  Blork the orc (D:8)
  2 crocodiles
  3 giant frogs
  A gnoll sergeant (D:10)
  4 troll zombies (D:10)
  A giant goldfish zombie (D:10)
  A troll skeleton (D:9)
  An eye of draining (D:9)
  A gnoll shaman (D:8)
  A goliath beetle (D:6)
  3 jellies
  14 orc wizards
  3 crimson imps (D:8)
  A centaur skeleton (D:8)
  6 hounds
  2 big fish (D:5)
  12 orc priests
  A black bear skeleton (D:7)
  A quasit (D:5)
  A giant frog skeleton (D:9)
  An iguana (D:10)
  3 ogre zombies (D:10)
  6 worker ants
  Ijyb (D:2)
  A hound zombie (D:9)
  Terence (D:2)
  A hound skeleton (D:5)
  A mummy (D:6)
  14 adders
  7 gnolls
  2 green rats (D:9)
  3 shadow imps
  An inept feature mimic (D:3)
  A giant mite (D:3)
  A white imp (D:9)
  2 worms
  A giant eyeball (D:8)
  11 giant geckos
  3 oozes
  95 orcs
  24 bats
  7 giant cockroaches
  22 goblins
  12 hobgoblins
  11 jackals
  7 quokkas
  A giant gecko skeleton (D:6)
  A giant gecko zombie (D:5)
  7 giant newts
  A goblin skeleton (D:10)
  2 goblin zombies (D:10)
  3 hobgoblin zombies (D:10)
  18 kobolds
  5 orc skeletons (D:10)
  14 orc zombies (D:10)
  30 rats
  A rat skeleton (D:4)
  7 ballistomycetes
447 creatures vanquished.

Vanquished Creatures (collateral kills)
  A hippogriff (D:7)
  Edmund (D:7)
  A giant goldfish (D:5)
  An ogre (Orc:3)
  Sigmund (D:4)
  A big fish (D:5)
  An orc wizard (Orc:1)
  An orc skeleton (D:4)
  7 orcs
  3 goblins (Orc:3)
  A kobold (D:8)
19 creatures vanquished.

Vanquished Creatures (others)
  A dancing weapon (D:8)
  A trapdoor spider (D:9)
  2 yaks (D:9)
  2 ball lightnings (D:9)
  A crimson imp (D:7)
  2 orc wizards (D:6)
  3 ufetubi
  2 giant spores
14 creatures vanquished.

Grand Total: 480 creatures vanquished

Notes
Turn   | Place    | Note
--------------------------------------------------------------
     0 | D:1      | testatest, the Troll Chaos Knight, began the quest for the Orb.
     0 | D:1      | Reached XP level 1. HP: 22/22 MP: 1/1
   108 | D:1      | XOM: harmless Erth miscast
   158 | D:1      | Reached XP level 2. HP: 29/29 MP: 1/1
   449 | D:1      | XOM: mild Divn miscast
   544 | D:2      | Noticed Ijyb
   550 | D:2      | XOM: silly message
   558 | D:2      | Killed Ijyb
   558 | D:2      | Reached skill level 1 in Throwing
   558 | D:2      | Reached XP level 3. HP: 36/36 MP: 2/2
   649 | D:2      | Noticed Sigmund
   785 | D:3      | XOM: harmless Summ miscast
   798 | D:3      | Found a shattered altar of Ashenzari.
   801 | D:3      | Found a radiant altar of Vehumet.
   804 | D:3      | XOM: mild Pois miscast
   820 | D:3      | XOM: mild Tloc miscast
   952 | D:2      | Noticed Terence
   980 | D:2      | Killed Terence
   980 | D:2      | Reached XP level 4. HP: 24/44 MP: 2/2
  1140 | D:2      | Paralysed by a potion of paralysis for 4 turns
  1143 | D:2      | XOM: medium Tloc miscast
  1358 | D:2      | Reached skill level 4 in Unarmed Combat
  1745 | D:2      | Reached XP level 5. HP: 48/52 MP: 2/2
  1809 | D:3      | XOM: polymorph hobgoblin -> gnoll
  1822 | D:3      | Reached skill level 1 in Maces & Flails
  1825 | D:3      | XOM: inner flame monster(s)
  2268 | D:3      | XOM: god gift: cutlass {god gift}
  2525 | D:3      | Reached XP level 6. HP: 61/61 MP: 3/3
  2678 | D:3      | XOM: vitrification
  3284 | D:2      | XOM: noise
  3938 | D:4      | XOM: summons 6 friendly demons
  3946 | D:4      | Killed Sigmund
  4089 | D:4      | XOM: give mutations
  4089 | D:4      | Gained mutation: You are weak. (Str -2) [Xom's mischief]
  4089 | D:4      | Gained mutation: You are very weak. (Str -4) [Xom's mischief]
  4411 | D:5      | Entered Level 5 of the Dungeon
  4428 | D:5      | XOM: stat loss: -1 Str (16/17)
  4437 | D:5      | XOM: cast spell 'Statue Form'
  4438 | D:5      | Reached skill level 5 in Unarmed Combat
  4442 | D:5      | Reached XP level 7. HP: 13/68 MP: 3/3
  4569 | D:5      | Found a glowing silver altar of Zin.
  4581 | D:5      | Found a staircase to the Ecumenical Temple.
  4654 | D:5      | XOM: 2-stop teleportation journey
  4672 | D:5      | XOM: confuse monster(s)
  4681 | D:5      | XOM: summons 3 hostile demons
  4682 | D:5      | Noticed a red devil
  4789 | D:5      | XOM: mild Ice miscast
  4822 | D:5      | XOM: noise
  4827 | D:5      | XOM: noise
  4834 | D:5      | Reached skill level 6 in Unarmed Combat
  4929 | D:5      | Reached XP level 8. HP: 57/79 MP: 3/3
  5081 | Temple   | Entered the Ecumenical Temple
  5244 | D:5      | Found a blossoming altar of Fedhas.
  5323 | D:5      | XOM: colour smoke trail
  5466 | D:6      | XOM: give mutations
  5466 | D:6      | Gained mutation: Your vision is a little blurry. [Xom's mischief]
  5466 | D:6      | Gained mutation: Your vision is quite blurry. [Xom's mischief]
  5466 | D:6      | Gained mutation: You are resistant to hostile enchantments. [Xom's mischief]
  5474 | D:6      | XOM: summons 4 hostile demons
  5475 | D:6      | Noticed a hellwing
  5759 | D:6      | XOM: harmless Conj miscast
  5776 | D:6      | Reached skill level 5 in Fighting
  6017 | D:6      | XOM: colour smoke trail
  6358 | D:6      | XOM: enchant monster (bad)
  6359 | D:6      | Reached skill level 7 in Unarmed Combat
  6361 | D:6      | XOM: god gift: 7 meat rations
  6520 | D:7      | XOM: summons friendly ufetubus
  6566 | D:7      | XOM: swap monsters
  6583 | D:7      | Noticed Edmund
  6586 | D:7      | Noticed a polar bear
  6586 | D:7      | Noticed a polar bear
  6587 | D:7      | Noticed a polar bear
  6588 | D:7      | Noticed a polar bear
  6588 | D:7      | Killed Edmund
  6588 | D:7      | Reached XP level 9. HP: 77/89 MP: 4/4
  6589 | D:7      | Noticed a polar bear
  6619 | D:7      | XOM: noise
  6732 | D:7      | Noticed Pikel
  6747 | D:7      | XOM: confuse monster(s)
  6753 | D:7      | XOM: noise
  6754 | D:7      | XOM: potion effect (agility)
  6909 | D:7      | XOM: confusion (+ monsters)
  6992 | D:7      | Found a deep blue altar of Sif Muna.
  7034 | D:7      | XOM: silly message
  7035 | D:7      | XOM: cast spell 'Confusing Touch'
  7050 | D:7      | XOM: potion effect (invisibility)
  7060 | D:7      | XOM: summons friendly shadow imp
  7073 | D:7      | XOM: potion effect (curing)
  7079 | D:7      | XOM: confuse monster(s)
  7084 | D:7      | Killed Pikel
  7084 | D:7      | Reached skill level 1 in Armour
  7386 | D:8      | Reached skill level 8 in Unarmed Combat
  7418 | D:8      | Noticed Gastronok
  7498 | D:8      | XOM: divination: detect items
  7513 | D:8      | XOM: colour smoke trail
  7536 | D:8      | Noticed Blork the orc
  7545 | D:8      | Killed Blork the orc
  7635 | D:8      | XOM: confusion (+ monsters)
  7798 | D:8      | Reached skill level 5 in Maces & Flails
  8219 | D:8      | Reached XP level 10. HP: 98/100 MP: 4/4
  8397 | D:8      | Killed Gastronok
  8397 | D:8      | Reached skill level 5 in Dodging
  8415 | D:8      | Got an iridescent flail
  8416 | D:8      | Identified the +7,+6 flail of Clegagug {antimagic, +Fly rC+} (You found it on level 8 of the Dungeon)
  8618 | D:8      | XOM: medium Tloc miscast
  9166 | D:9      | XOM: harmless Pois miscast
  9293 | D:9      | Found a staircase to the Lair.
  9294 | D:9      | XOM: summons 2 friendly demons
  9296 | D:9      | Reached skill level 9 in Unarmed Combat
  9297 | D:9      | the staircase to the Lair was a mimic.
  9315 | D:9      | XOM: cast spell 'Conjure Ball Lightning'
  9366 | D:9      | XOM: potion effect (heal wounds)
  9670 | D:9      | XOM: silly message
  9672 | D:9      | XOM: confuse monster(s)
  9677 | D:9      | XOM: polymorph yak -> trapdoor spider
  9681 | D:9      | Reached skill level 5 in Throwing
  9685 | D:9      | XOM: divine lightning (protected)
 10036 | D:10     | Entered Level 10 of the Dungeon
 10038 | D:10     | Found a staircase to the Orcish Mines.
 10188 | D:10     | Found a burning altar of Makhleb.
 10200 | D:10     | Found a staircase to the Lair.
 10288 | D:10     | XOM: harmless Trmt miscast
 10320 | D:10     | XOM: harmless Tloc miscast
 10323 | D:10     | Reached XP level 11. HP: 95/110 MP: 4/4
 10582 | D:10     | XOM: silly message
 10645 | D:10     | XOM: medium Ice miscast
 10674 | D:10     | XOM: medium Ice miscast
 10691 | D:10     | XOM: potion effect (curing)
 10751 | D:10     | XOM: give mutations
 10751 | D:10     | Gained mutation: You can translocate small distances at will. [Xom's mischief]
 10751 | D:10     | Lost mutation: You are very weak. (Str -4) [Xom's mischief]
 10751 | D:10     | Lost mutation: You are resistant to hostile enchantments. [Xom's mischief]
 10868 | D:10     | XOM: colour smoke trail
 10971 | Orc:1    | Entered Level 1 of the Orcish Mines
 11008 | Orc:1    | XOM: summons friendly ufetubus
 11043 | Orc:1    | XOM: confuse monster(s)
 11155 | Orc:1    | Found Owimewk's Antique Weapon Emporium.
 11184 | Orc:2    | Found Lalum's Antique Weapon Shoppe.
 11252 | Orc:2    | Noticed Psyche
 11263 | Orc:2    | XOM: swap monsters
 11268 | Orc:2    | Killed Psyche
 11309 | Orc:2    | XOM: summons friendly quasit
 11698 | Orc:2    | XOM: harmless Fire miscast
 11958 | Orc:2    | XOM: give mutations
 11958 | Orc:2    | Gained mutation: You are agile. (Dex +2) [Xom's mischief]
 11958 | Orc:2    | Lost mutation: You can translocate small distances at will. [Xom's mischief]
 11958 | Orc:2    | Gained mutation: You are partially covered in thin metallic scales (AC +2). [Xom's mischief]
 11958 | Orc:2    | Gained mutation: Your vision is extremely blurry. [Xom's mischief]
 12072 | Orc:2    | XOM: noise
 12352 | Orc:3    | XOM: summons 8 friendly demons
 12374 | Orc:3    | XOM: polymorph orc -> goblin
 12376 | Orc:3    | Found a staircase to the Elven Halls.
 12606 | Orc:3    | XOM: 1-stop teleportation journey
 12662 | Orc:4    | Entered Level 4 of the Orcish Mines
 12662 | Orc:4    | Noticed an orc high priest
 12662 | Orc:4    | XOM: enchant monster (good)
 12666 | Orc:3    | XOM: confuse monster(s)
 12878 | Orc:4    | XOM: cast spell 'Summon Ice Beast'
 12882 | Orc:3    | XOM: blink monster(s)
 12912 | Orc:3    | Mangled by an orc warrior

Action                   |  1- 3 |  4- 6 |  7- 9 | 10-12 || total
-------------------------+-------+-------+-------+-------++-------
Melee: Unarmed           |   109 |   235 |   470 |   640 ||  1454
Throw: Stone             |     2 |       |    15 |     4 ||    21
       Dart              |       |       |     2 |    19 ||    21
Evoke: Wand              |     1 |       |     3 |       ||     4
  Use: Potion            |     4 |     5 |     4 |     2 ||    15
       Scroll            |       |    11 |    12 |     3 ||    26
 Stab: Confused          |       |       |     2 |     1 ||     3
       Invisible         |       |       |     4 |       ||     4
       Distracted        |       |       |     1 |       ||     1
       Paralysed         |       |       |     1 |       ||     1
